General information
- name: BNet
- type: Ladder team game (AT/RT)
- host: Battle.net
- saver: Liko
map: DragonFalls
- players: 8
- length: 18:40
- speed: Fast
- version: 1.26 W3XP
- replay type: Public
» download(147 KB)
Players
team 1 (loser)

»
Spirit.Of.HeLL (
purple | 60 APM | 1102 actions | 18:18)
4 Paladin
2 Holy Light
2 Devotion Aura
» actions
| Assign group hotkey | 28 | |
| Build / train | 73 | |
| Enter build submenu | 22 | |
| Enter hero's abilities submenu | 4 | |
| Give item / drop item | 2 | |
| Remove unit from queue | 1 | |
| Right click | 438 | |
| Select / deselect | 201 | |
| Select group hotkey | 270 | |
| Use ability | 63 | |
1102 total
» units
| Peasant | 12 | |
| Footman | 9 | |
| Knight | 12 | |
| Siege Engine | 4 | |
37 total
» upgrades
| Masonry | 2 | |
| Lumber Harvesting | 2 | |
| Plating | 3 | |
| Animal War Training | 1 | |
| Barrage | 1 | |
| Swords | 2 | |
| Gunpowder | 1 | |
12 total
» buildings
| Farm | 9 | |
| Altar of Kings | 1 | |
| Barracks | 2 | |
| Scout Tower | 16 | |
| Lumber Mill | 1 | |
| Arcane Tower | 2 | |
| Arcane Vault | 1 | |
| Keep | 1 | |
| Guard Tower | 8 | |
| Blacksmith | 1 | |
| Castle | 1 | |
| Town Hall | 1 | |
| Workshop | 2 | |
46 total
» build order
00:09 Farm
00:15 Altar of Kings
00:30 Barracks
00:48 Farm
01:38 Farm
01:45 Scout Tower
02:11 Lumber Mill
02:28 Arcane Tower
02:55 Arcane Vault
02:58 Scout Tower
03:00 Scout Tower
03:47 Arcane Tower
04:05 Scout Tower
04:21 Keep
04:23 Guard Tower
04:39 Barracks
05:10 Blacksmith
05:12 Guard Tower
05:25 Scout Tower
05:26 Scout Tower
05:28 Scout Tower
05:31 Farm
05:32 Farm
06:42 Guard Tower
06:43 Guard Tower
07:51 Castle
08:30 Town Hall
09:23 Workshop
09:25 Workshop
10:06 Guard Tower
10:30 Scout Tower
10:30 Scout Tower
10:31 Scout Tower
10:32 Scout Tower
10:35 Scout Tower
10:35 Scout Tower
10:36 Scout Tower
10:38 Scout Tower
10:39 Scout Tower
11:21 Guard Tower
12:42 Guard Tower
13:05 Guard Tower
13:48 Farm
13:49 Farm
13:49 Farm
13:52 Farm
» items
| Scroll of Regeneration | 2 | |
| Lesser Clarity Potion | 1 | |
| Potion of Healing | 2 | |
| Scroll of Speed | 1 | |
6 total
Sinjo (
red | 81 APM | 1505 actions | 18:38)
5 Death Knight
3 Death Coil
2 Unholy Aura
1 Lich
1 Frost Nova
» actions
| Assign group hotkey | 12 | |
| Basic commands | 7 | |
| Build / train | 57 | |
| Enter build submenu | 18 | |
| Enter hero's abilities submenu | 6 | |
| Give item / drop item | 1 | |
| Remove unit from queue | 2 | |
| Right click | 1050 | |
| Select / deselect | 269 | |
| Select group hotkey | 14 | |
| Use ability | 69 | |
1505 total
» units
| Acolyte | 11 | |
| Ghoul | 7 | |
| Crypt Fiend | 8 | |
| Frost Wyrm | 4 | |
| Knight | 1 | |
31 total
» upgrades
| Creature Attack | 2 | |
| Web | 1 | |
| Creature Carapace | 1 | |
| Ghoul Frenzy | 1 | |
5 total
» buildings
| Crypt | 2 | |
| Graveyard | 1 | |
| Altar of Darkness | 1 | |
| Ziggurat | 9 | |
| Tomb of Relics | 1 | |
| Necropolis | 2 | |
| Halls of the Dead | 1 | |
| Nerubian Tower | 1 | |
| Spirit Tower | 2 | |
| Black Citadel | 1 | |
| Sacrificial Pit | 1 | |
| Boneyard | 2 | |
24 total
» build order
00:09 Crypt
00:28 Graveyard
00:50 Altar of Darkness
00:58 Ziggurat
01:31 Tomb of Relics
02:11 Ziggurat
04:35 Necropolis
04:41 Ziggurat
05:56 Ziggurat
06:13 Halls of the Dead
06:52 Nerubian Tower
06:54 Spirit Tower
08:19 Ziggurat
08:56 Necropolis
10:39 Black Citadel
12:06 Ziggurat
12:07 Ziggurat
12:10 Ziggurat
12:11 Ziggurat
12:25 Sacrificial Pit
13:12 Spirit Tower
13:30 Boneyard
13:31 Boneyard
18:06 Crypt
» items
| Rod of Necromancy | 2 | |
| Lesser Clarity Potion | 1 | |
| Scroll of Regeneration | 1 | |
| Scroll of Town Portal | 1 | |
| Scroll of Healing | 1 | |
6 total
Zaibatsu (
green | 29 APM | 521 actions | 18:05)
3 Paladin
1 Holy Light
2 Devotion Aura
» actions
| Assign group hotkey | 6 | |
| Basic commands | 36 | |
| Build / train | 38 | |
| Enter build submenu | 16 | |
| Enter hero's abilities submenu | 3 | |
| Remove unit from queue | 1 | |
| Right click | 229 | |
| Select / deselect | 150 | |
| Select group hotkey | 12 | |
| Use ability | 30 | |
521 total
» units
| Peasant | 8 | |
| Footman | 6 | |
| Mortar Team | 8 | |
22 total
» upgrades
| Gunpowder | 2 | |
| Flare | 1 | |
| Fragmentation Shards | 1 | |
| Lumber Harvesting | 1 | |
| Armor | 1 | |
6 total
» buildings
| Altar of Kings | 1 | |
| Farm | 9 | |
| Barracks | 1 | |
| Arcane Vault | 1 | |
| Blacksmith | 1 | |
| Keep | 1 | |
| Workshop | 2 | |
| Castle | 1 | |
| Lumber Mill | 1 | |
18 total
» build order
00:25 Altar of Kings
00:38 Farm
00:55 Barracks
01:18 Farm
01:39 Arcane Vault
01:57 Farm
02:40 Farm
03:02 Blacksmith
03:22 Keep
03:47 Farm
04:32 Farm
05:11 Farm
06:06 Workshop
06:39 Workshop
08:00 Castle
08:32 Lumber Mill
12:21 Farm
12:58 Farm
» items
| Circlet of Nobility | 1 | |
| Scroll of Town Portal | 1 | |
| Scroll of Regeneration | 1 | |
3 total

»
iRandom (
orange | 94 APM | 1748 actions | 18:34)
4 Tauren Chieftain
1 Shockwave
2 Endurance Aura
1 War Stomp
2 Shadow Hunter
1 Hex
1 Healing Wave
» actions
| Assign group hotkey | 13 | |
| Basic commands | 6 | |
| Build / train | 65 | |
| Enter build submenu | 11 | |
| Enter hero's abilities submenu | 6 | |
| Give item / drop item | 2 | |
| Remove unit from queue | 1 | |
| Right click | 799 | |
| Select / deselect | 224 | |
| Select group hotkey | 562 | |
| Use ability | 59 | |
1748 total
» units
| Peon | 16 | |
| Grunt | 7 | |
| Shaman | 3 | |
| Raider | 6 | |
| Goblin Zeppelin | 1 | |
| Troll Witch Doctor | 1 | |
34 total
» upgrades
| Shaman Training | 2 | |
| Witch Doctor Training | 2 | |
| Berserker Strength | 1 | |
| Ensnare | 1 | |
6 total
» buildings
| Altar of Storms | 1 | |
| Orc Burrow | 3 | |
| Barracks | 1 | |
| Voodoo Lounge | 1 | |
| Stronghold | 1 | |
| Great Hall | 1 | |
| Spirit Lodge | 2 | |
| Beastiary | 1 | |
| Fortress | 1 | |
| War Mill | 1 | |
13 total
» build order
00:26 Altar of Storms
00:36 Orc Burrow
00:47 Barracks
01:29 Voodoo Lounge
01:45 Orc Burrow
04:09 Orc Burrow
04:15 Stronghold
05:30 Great Hall
07:15 Spirit Lodge
07:18 Spirit Lodge
10:50 Beastiary
10:52 Fortress
15:23 War Mill
» items
| Scroll of Regeneration | 2 | |
| Lesser Clarity Potion | 3 | |
| Rod of Necromancy | 1 | |
| Scroll of Town Portal | 2 | |
| Potion of Healing | 1 | |
| Scroll of Speed | 1 | |
| Orb of Lightning | 1 | |
| Tiny Great Hall | 1 | |
| Healing Salve | 2 | |
14 total
team 2 (winner)
Liko (
yellow | 101 APM | 1884 actions | 18:40)
5 Paladin
1 Holy Light
3 Devotion Aura
1 Divine Shield
» actions
| Assign group hotkey | 62 | |
| Basic commands | 127 | |
| Build / train | 71 | |
| ESC pressed | 4 | |
| Enter build submenu | 22 | |
| Enter hero's abilities submenu | 5 | |
| Give item / drop item | 4 | |
| Right click | 503 | |
| Select / deselect | 441 | |
| Select group hotkey | 582 | |
| Use ability | 63 | |
1884 total
» units
» upgrades
| Long Rifles | 1 | |
| Armor | 3 | |
| Masonry | 2 | |
| Gunpowder | 2 | |
8 total
» buildings
| Altar of Kings | 1 | |
| Farm | 9 | |
| Blacksmith | 1 | |
| Barracks | 3 | |
| Keep | 1 | |
| Town Hall | 2 | |
| Lumber Mill | 1 | |
| Castle | 1 | |
19 total
» build order
00:09 Altar of Kings
00:14 Farm
00:39 Blacksmith
00:51 Barracks
01:27 Farm
02:19 Farm
03:07 Farm
03:37 Keep
04:28 Town Hall
05:33 Lumber Mill
05:38 Farm
06:46 Barracks
10:19 Farm
10:27 Farm
10:29 Farm
12:35 Barracks
12:39 Farm
15:26 Castle
17:05 Town Hall
» items
| Boots of Speed | 3 | |
| Moonstone | 1 | |
| Potion of Healing | 1 | |
| Staff of Preservation | 2 | |
| Lesser Clarity Potion | 2 | |
| Potion of Mana | 1 | |
| Potion of Lesser Invulnerability | 1 | |
| Scroll of Healing | 1 | |
| Scroll of Protection | 1 | |
13 total
THEK1NG (
blue | 64 APM | 1201 actions | 18:39)
5 Paladin
3 Holy Light
1 Devotion Aura
1 Divine Shield
» actions
| Assign group hotkey | 77 | |
| Basic commands | 26 | |
| Build / train | 56 | |
| Enter build submenu | 17 | |
| Enter hero's abilities submenu | 5 | |
| Give item / drop item | 1 | |
| Right click | 464 | |
| Select / deselect | 167 | |
| Select group hotkey | 341 | |
| Use ability | 47 | |
1201 total
» units
| Peasant | 11 | |
| Footman | 10 | |
| Knight | 8 | |
| Spell Breaker | 2 | |
31 total
» upgrades
| Plating | 3 | |
| Defend | 1 | |
| Swords | 4 | |
| Lumber Harvesting | 1 | |
| Animal War Training | 1 | |
| Backpack | 1 | |
| Magic Sentry | 1 | |
12 total
» buildings
| Altar of Kings | 1 | |
| Barracks | 2 | |
| Farm | 10 | |
| Lumber Mill | 1 | |
| Arcane Vault | 1 | |
| Scout Tower | 2 | |
| Arcane Tower | 1 | |
| Guard Tower | 1 | |
| Blacksmith | 1 | |
| Keep | 1 | |
| Castle | 1 | |
| Arcane Sanctum | 1 | |
| Town Hall | 1 | |
24 total
» build order
00:21 Altar of Kings
00:36 Barracks
00:52 Farm
01:15 Farm
02:03 Farm
02:04 Farm
02:12 Lumber Mill
02:18 Arcane Vault
02:33 Scout Tower
02:39 Scout Tower
03:36 Arcane Tower
03:38 Guard Tower
03:46 Blacksmith
04:30 Keep
04:38 Farm
04:41 Farm
05:57 Farm
05:59 Barracks
07:24 Castle
07:53 Arcane Sanctum
11:06 Farm
13:12 Farm
13:13 Farm
15:04 Town Hall
» items
| Scroll of Regeneration | 1 | |
| Periapt of Vitality | 1 | |
| Circlet of Nobility | 1 | |
3 total
r00t (
teal | 43 APM | 795 actions | 18:39)
4 Demon Hunter
2 Evasion
2 Mana Burn
3 Priestess of the Moon
2 Trueshot Aura
1 Searing Arrows
» actions
| Assign group hotkey | 19 | |
| Basic commands | 54 | |
| Build / train | 69 | |
| ESC pressed | 4 | |
| Enter build submenu | 17 | |
| Enter hero's abilities submenu | 7 | |
| Give item / drop item | 5 | |
| Right click | 195 | |
| Select / deselect | 208 | |
| Select group hotkey | 155 | |
| Use ability | 62 | |
795 total
» units
| Wisp | 18 | |
| Archer | 6 | |
| Dryad | 8 | |
| Faerie Dragon | 2 | |
| Goblin Shredder | 1 | |
| Hippogryph | 6 | |
| Chimaera | 4 | |
| Green Dragon | 1 | |
46 total
» upgrades
| Strength of the Wild | 3 | |
| Ultravision | 1 | |
| Reinforced Hides | 2 | |
| Nature's Blessing | 1 | |
| Abolish Magic | 1 | |
8 total
» buildings
| Altar of Elders | 1 | |
| Moon Well | 8 | |
| Ancient of War | 1 | |
| Hunter's Hall | 1 | |
| Ancient of Wonders | 1 | |
| Tree of Life | 1 | |
| Tree of Ages | 2 | |
| Ancient of Lore | 1 | |
| Ancient of Wind | 2 | |
| Tree of Eternity | 2 | |
| Chimaera Roost | 3 | |
23 total
» build order
00:10 Altar of Elders
00:12 Moon Well
00:35 Ancient of War
01:26 Moon Well
03:02 Hunter's Hall
03:36 Ancient of Wonders
04:21 Tree of Life
04:34 Moon Well
05:43 Tree of Ages
05:44 Tree of Ages
08:11 Ancient of Lore
08:13 Ancient of Wind
09:24 Moon Well
10:20 Tree of Eternity
10:20 Tree of Eternity
10:24 Moon Well
10:25 Moon Well
10:30 Ancient of Wind
13:54 Chimaera Roost
13:55 Chimaera Roost
13:55 Chimaera Roost
15:31 Moon Well
16:07 Moon Well
» items
Imm0rtalfury (
pink | 52 APM | 966 actions | 18:39)
4 Far Seer
2 Chain Lighting
2 Feral Spirit
3 Shadow Hunter
1 Healing Wave
2 Hex
» actions
| Basic commands | 1 | |
| Build / train | 49 | |
| Enter build submenu | 21 | |
| Enter hero's abilities submenu | 8 | |
| Give item / drop item | 2 | |
| Remove unit from queue | 1 | |
| Right click | 554 | |
| Select / deselect | 285 | |
| Use ability | 45 | |
966 total
» units
| Peon | 10 | |
| Grunt | 4 | |
| Shaman | 6 | |
| Tauren | 8 | |
28 total
» upgrades
| Melee Weapons | 3 | |
| Shaman Training | 2 | |
| Armor | 1 | |
| Pulverize | 1 | |
7 total
» buildings
| Altar of Storms | 1 | |
| Orc Burrow | 7 | |
| Barracks | 1 | |
| Voodoo Lounge | 1 | |
| Stronghold | 1 | |
| War Mill | 1 | |
| Fortress | 1 | |
| Spirit Lodge | 1 | |
| Tauren Totem | 2 | |
| Watch Tower | 1 | |
| Great Hall | 1 | |
18 total
» build order
00:23 Altar of Storms
00:35 Orc Burrow
00:52 Barracks
01:52 Orc Burrow
02:14 Voodoo Lounge
02:42 Orc Burrow
04:07 Stronghold
04:11 War Mill
06:32 Fortress
06:35 Spirit Lodge
06:38 Orc Burrow
06:40 Orc Burrow
06:42 Orc Burrow
07:42 Orc Burrow
08:58 Tauren Totem
09:06 Tauren Totem
12:08 Watch Tower
18:16 Great Hall
» items
Chat log
(00:06 / Allies) THEK1NG: hi melee
(00:23 / Allies) Liko: pal rifle fast expo
(05:35 / Allies) r00t: ty
(13:10 / Allies) r00t: who has melee?
(13:20 / Allies) r00t: pink
(14:18 / Allies) Imm0rtalfury: green sucks
(15:28 / Allies) Liko: ty
(18:18 / All) r00t: morts didn't win?! :(
(18:31 / All) Sinjo: green was worthless haha
(18:38 / All) Sinjo: gg